Cogmind - Beta 15 @@@ ROGUE MODE // 2025.08.03 @ 21:41:43 Player: Stump Result: Destroyed by V2-UU4(R) with Subdweller Laser Performance ------------- Evolutions (0) 0 Regions Visited (2) 400 Robots Destroyed (19) 95 Value Destroyed (484) 484 Prototype IDs (2) 40 Alien Tech Used (0) 0 Bonus (0) 0 TOTAL SCORE: 1019 Bonus ------- None Cogmind --------- Core Integrity 0/250 Matter 190/300 Energy 245/250 System Corruption 3% Temperature Cool (6) Movement Walking (190) Ox1 Location -10/Subcaves Parts ------- > --- POWER (1) -------- Ion Engine > --- PROPULSION (2) --- Aluminum Leg Aluminum Leg > --- UTILITY (2) ------ Medium Storage Unit Signal Interpreter > --- WEAPON (2) ------- Beam Cannon Battle Cannon > --- INVENTORY (10) --- Aluminum Leg Aluminum Leg Heat Sink Large Matter Pod (150) Transport Network Coupler Assault Rifle Dirty Datajack (18) Peak State ------------ > --- POWER ------------ Ion Engine > --- PROPULSION ------- Aluminum Leg Aluminum Leg > --- UTILITY ---------- Medium Storage Unit Signal Interpreter > --- WEAPON ----------- Battle Cannon Dirty Datajack > --- INVENTORY -------- Ion Engine Aluminum Leg Aluminum Leg Heat Sink Large Matter Pod Transport Network Coupler Beam Cannon Assault Rifle Grenade Launcher [Rating: 13] Favorites ----------- Power Ion Engine Engine Ion Engine Propulsion Aluminum Leg Leg Aluminum Leg Utility Small Storage Unit Device Heat Sink Storage Small Storage Unit Processor Signal Interpreter Weapon Assault Rifle Energy Cannon Beam Cannon Ballistic Gun Assault Rifle Ballistic Cannon Battle Cannon Launcher Grenade Launcher Special Melee Weapon Dirty Datajack Build | -11 -10 -10 ------- Run | Yrd Mat Sub Slots Evolved . | . . . Power . | . . . Propulsion . | . . . Utility . | . . . Weapon . | . . . Parts Attached 18 | 7 8 3 Power 2 | 1 . 1 Engine 2 | 1 . 1 Core . | . . . Reactor . | . . . Propulsion 3 | 2 1 . Treads . | . . . Leg 3 | 2 1 . Wheel . | . . . Hover . | . . . Flight . | . . . Utility 5 | 1 4 . Device 1 | . 1 . Storage 2 | 1 1 . Processor 2 | . 2 . Hackware . | . . . Protection . | . . . Artifact . | . . . Weapon 8 | 3 3 2 Energy Gun . | . . . Energy Cannon 1 | . 1 . Ballistic Gun 4 | 3 1 . Ballistic Cannon 1 | . . 1 Launcher 1 | . 1 . Special Weapon . | . . . Impact Weapon . | . . . Slashing Weapon . | . . . Piercing Weapon . | . . . Special Melee Weapon 1 | . . 1 Unidentified Prototypes . | . . . Parts Lost 2 | . . 2 Power 1 | . . 1 Propulsion . | . . . Utility . | . . . Weapon 1 | . . 1 Highest Loss Streak 1 | . . 1 To Critical Strikes . | . . . Average Backups 7 | 2 7 8 Power . | 1 1 . Propulsion 2 | . 2 2 Utility 2 | . 1 3 Weapon 1 | . 1 2 Tool/Special . | . . . Unused Backups 8 | . 4 4 Power 1 | . 1 . Propulsion 5 | . 3 2 Utility 2 | . . 2 Weapon . | . . . Tool/Special . | . . . Average Slot Usage (%) 95 | . 93 100 Engine 14 | . 14 14 Leg 28 | . 28 28 Storage 14 | . 14 14 Processor 9 | . 7 14 Energy Cannon 4 | . 4 4 Ballistic Gun 17 | . 23 1 Ballistic Cannon 3 | . . 12 Launcher 2 | . . 8 Peak Build Rating 13 | 6 7 13 Average Rating 7 | 4 6 9 On Entrance 4 | . 6 7 Naked Turns . | . . . Heaviest Build 21 | 14 20 21 Greatest Support 20 | 20 20 20 Greatest Overweight (x) 1 | . . 1 Average Overweight (x) . | . . . Largest Inventory Capacity 10 | 8 10 10 Average Capacity 8 | 7 8 10 Most Carried 9 | 5 8 9 Average Carried 7 | 3 7 8 Final Capacity 10 | 8 10 10 Final Carried 8 | 4 8 7 Class Distribution -------------------- 100% | Mutant Dominant Class ---------------- Mutant | -10/Materials Mutant | -10/Subcaves Resources | -11 -10 -10 ----------- Run | Yrd Mat Sub Matter Collected 782 | 241 491 50 Remotely . | . . . Salvage Created 583 | . 465 118 Parts 36 | . 29 7 Haulers Intercepted 2 | . 2 . Recyclers Shooed . | . . . Parts Field Recycled . | . . . Retrieved Matter . | . . . Parts Self-Destructed 4 | . . 4 Prevented . | . . . Kills | -11 -10 -10 ------- Run | Yrd Mat Sub Combat Hostiles Destroyed 13 | . 9 4 Guns 6 | . 6 . Cannons 1 | . . 1 AOE 6 | . 3 3 Classes Destroyed 6 | . 5 1 Worker 1 | . 1 . Hauler 2 | . 2 . Watcher 3 | . 3 . Swarmer 3 | . 3 . Grunt 8 | . 6 2 Subdweller 2 | . . 2 Best Kill Streak 5 | . 5 2 Combat Bots Only 3 | . 3 2 Max Kills in Single Turn 4 | . 4 2 Gunslinging . | . . . Exploded 2 | . 2 1 Melee . | . . . Uniques/NPCs Destroyed . | . . . Combat | -11 -10 -10 -------- Run | Yrd Mat Sub Hostile Shots Fired 52 | . 32 20 Missed 13 | . 6 7 Hits 39 | . 26 13 Projectile 39 | . 26 13 Critical Strikes 1 | . . 1 Damage Taken 685 | . 356 329 Core 259 | . 121 138 Absorbed by Shields . | . . . Core Remaining (%) 100 | 100 . . Volleys Fired 45 | . 35 10 Largest 2 | . 2 2 Hottest 93 | . 50 93 Shots Fired 82 | . 67 15 Gun 64 | . 64 . Cannon 12 | . 1 11 Launcher 6 | . 2 4 Special . | . . . Kinetic 71 | . 64 7 Thermal 5 | . 1 4 Explosive 6 | . 2 4 Electromagnetic . | . . . Robot Hit Streak 12 | . 10 12 Robot Miss Streak 3 | . 3 1 Penetration Max . | . . . Secondary Targets . | . . . Shots Hit Robots 57 | . 43 14 Core Hits 33 | . 27 6 Critical Kills . | . . . Critical Parts Destroyed 1 | . 1 . Critical Strikes 1 | . 1 . Destroy 1 | . 1 . Melee Attacks 2 | . . 2 Impact . | . . . Slashing . | . . . Piercing 2 | . . 2 Sneak Attacks . | . . . Combat Hostiles . | . . . Follow-up Attacks . | . . . Damage Inflicted 1081 | . 666 415 Guns 532 | . 532 . Cannons 198 | . . 198 Explosions 350 | . 134 216 Melee 1 | . . 1 Ramming . | . . . Kinetic 677 | . 532 145 Thermal 53 | . . 53 Explosive 350 | . 134 216 Electromagnetic . | . . . Impact . | . . . Slashing . | . . . Piercing 1 | . . 1 Highest Corruption 3 | . 3 3 Average Corruption 2 | . 2 3 Corruption Purged . | . . . Corruption Blocked . | . . . Effects 10 | . 3 7 Message Errors 5 | . 2 3 Heat Flow Errors 2 | . . 2 Energy Discharges 2 | . . 2 Misfires 1 | . 1 . Overload Shots . | . . . Overflow Damage . | . . . Projectiles . | . . . Explosions . | . . . Melee . | . . . Knockbacks . | . . . Impact . | . . . Kinetic . | . . . Secondary . | . . . Self-Inflicted Damage 66 | . 66 . Shots 1 | . 1 . Rammed . | . . . Targets Rammed . | . . . Kicked . | . . . Crushed . | . . . Highest Temperature 185 | . 22 185 Average Temperature 39 | . 4 77 Received Heat Transfer 222 | . 138 84 Siege Activations . | . . . Martial Activations . | . . . Shielding Activations . | . . . Robots Disrupted . | . . . Combat Hostiles . | . . . Robots Corrupted . | . . . Combat Hostiles . | . . . Parts Fried . | . . . Impact Corruptions . | . . . Robots Melted . | . . . Combat Hostiles . | . . . Parts Melted 1 | . . 1 Heat Transferred 111 | . . 111 Parts Sabotaged . | . . . Parts Stolen . | . . . Parts Stripped . | . . . Power Chain Reactions . | . . . Alert | -11 -10 -10 ------- Run | Yrd Mat Sub Maximum Alert Level . | . . . Low Security (%) 100 | 100 100 . Level 1 . | . . . Level 2 . | . . . Level 3 . | . . . Level 4 . | . . . Level 5 . | . . . High Security . | . . . Max Security . | . . . Peak Influence 155 | . 155 . Initial . | . . . Average 47 | . 49 . Influence Increases 388 | . 338 50 Destroy 0b10 Robot/C 220 | . 180 40 Destroy 0b10 Robot/NC 30 | . 30 . Destroy Leader 70 | . 60 10 Successful Hack 9 | . 9 . Disable Machine 15 | . 15 . Destroy Structure 14 | . 14 . Partial Spotted 15 | . 15 . Lose Combat Pursuer 15 | . 15 . Influence Decreases 388 | . 338 50 Time Decay 388 | . 338 50 Squads Dispatched 2 | . 2 . Investigation . | . . . Extermination . | . . . Reinforcement 2 | . 2 . Assault . | . . . Garrison . | . . . Intercept . | . . . Searches Triggered . | . . . Construction Impeded . | . . . Haulers Reinforced . | . . . Active Scanning Responses . | . . . Cargo Convoy Interrupts . | . . . Stealth | -11 -10 -10 --------- Run | Yrd Mat Sub Distress Signals 2 | . 2 . Communications Jammed . | . . . Distress Signals . | . . . Times Spotted 24 | . 17 7 Peak Tracking Total 4 | . 4 2 Tactical Retreats 1 | . 1 . Traps | -11 -10 -10 ------- Run | Yrd Mat Sub Traps Triggered 2 | . 2 . Indirectly . | . . . Trap Hack Attempts . | . . . Triggered . | . . . Disarmed . | . . . Reprogrammed . | . . . Reused . | . . . Traps Extracted . | . . . Installed . | . . . Triggered . | . . . Machines | -11 -10 -10 ---------- Run | Yrd Mat Sub Machines Disabled 1 | . 1 . Max in Single Turn 1 | . 1 . Machines Repaired . | . . . Machines Dismantled . | . . . Machines Sabotaged . | . . . Overloaded Fab Kills . | . . . Hacking | -11 -10 -10 --------- Run | Yrd Mat Sub Machines Accessed 6 | . 6 . Terminals 6 | . 6 . Fabricators . | . . . Repair Stations . | . . . Recycling Units . | . . . Scanalyzers . | . . . Garrison Access . | . . . Total Hacks 10 | . 10 . Successful 5 | . 5 . Failed 5 | . 5 . Catastrophic 1 | . 1 . Database Lockouts . | . . . Manual 4 | . 4 . Terminals 10 | . 10 . Fabricators . | . . . Repair Stations . | . . . Recycling Units . | . . . Scanalyzers . | . . . Garrison Access . | . . . Terminal Hacks 5 | . 5 . Prototype ID Bank 1 | . 1 . Emergency Access Points 1 | . 1 . Alert Level 1 | . 1 . Hauler Manifests 1 | . 1 . Zone Layout 1 | . 1 . Fabricator Hacks . | . . . Repair Station Hacks . | . . . Recycling Unit Hacks . | . . . Scanalyzer . | . . . Garrison Access Hacks . | . . . Unauthorized Hacks . | . . . Terminals . | . . . Fabricators . | . . . Repair Stations . | . . . Recycling Units . | . . . Scanalyzers . | . . . Garrison Access . | . . . Data Cores Recovered . | . . . Used . | . . . Hacking Detections 5 | . 5 . Full Trace Events 1 | . 1 . Feedback Events . | . . . Feedback Blocked . | . . . Robot Schematics Acquired . | . . . Robots Built . | . . . Authchips . | . . . Time . | . . . Total Robot Build Rating . | . . . Part Schematics Acquired . | . . . Parts Built . | . . . Authchips . | . . . Time . | . . . Total Part Build Rating . | . . . Parts Repaired . | . . . Time . | . . . Parts Recycled . | . . . Recycled Matter . | . . . Retrieved Matter . | . . . Retrieved Components . | . . . Parts Scanalyzed . | . . . Part Schematics Acquired . | . . . Parts Damaged . | . . . Bothacking | -11 -10 -10 ------------ Run | Yrd Mat Sub Used RIF Installer . | . . . Robots Hacked . | . . . Non-combat . | . . . Combat . | . . . Robot Hacks Applied . | . . . Relay Couplers Released . | . . . Fabnet Peak Effective % . | . . . Robots Rewired . | . . . Allies Hacked . | . . . Hacks Repelled . | . . . Allies | -11 -10 -10 -------- Run | Yrd Mat Sub Total Allies . | . . . Largest Group . | . . . Highest-Rated Group . | . . . Highest-Rated Ally . | . . . Total Orders . | . . . Ally Attacks . | . . . Total Damage . | . . . Kills . | . . . Allies Corrupted . | . . . Allies Melted . | . . . Intel | -11 -10 -10 ------- Run | Yrd Mat Sub Active Infowar (turns) 330 | . 330 . T.N.C. 330 | . 330 . Robot Analysis Total . | . . . Derelict Logs Recovered 1 | . . 1 Drone Launches . | . . . Drone Recoveries . | . . . Exploration | -11 -10 -10 ------------- Run | Yrd Mat Sub Turns Passed 1670 | 52 1186 432 Spaces Moved 1054 | 34 802 218 Core 8 | 8 . . Treads . | . . . Legs 1046 | 26 802 218 Wheels . | . . . Hover . | . . . Flight . | . . . Fastest Speed 50 | 50 120 120 Average Speed 129 | 103 120 166 Slowest Speed 190 | 120 120 190 Overloaded Moves . | . . . Propulsion Burnouts . | . . . Robots Hopped . | . . . Potential Cave-ins . | . . . Cave-ins Triggered . | . . . Exploration Rate (%) 39 | 3 98 16 Regions Visited 2 Branch Regions 1 Pre-discovered Areas 1 | . . 1 Known Exits Taken 1 | . 1 . Unknown Exits Taken 1 | 1 . . Scrap Searched . | . . . Spaces Dug . | . . . Terrain Destroyed 39 | . 13 26 Melee . | . . . Projectile . | . . . AOE 39 | . 13 26 Terrain Rammed . | . . . Walls Destroyed . | . . . Machines Disabled . | . . . Actions | -11 -10 -10 --------- Run | Yrd Mat Sub Total 1278 | 49 959 270 Wait 123 | 1 93 29 Move 1052 | 33 801 218 Hop . | . . . Pick Up 20 | 8 10 2 Fast Attach 4 | 2 2 . Attach 6 | 4 . 2 Detach 1 | . 1 . Swap 16 | 1 9 6 Drop 9 | . 8 1 Fire 45 | . 35 10 Melee 2 | . . 2 Ram . | . . . Kick . | . . . Crush . | . . . Escape Stasis . | . . . Rewire . | . . . Trap . | . . . Miscellaneous . | . . . Route ------- -11/Scrapyard -10/Materials (discovered 5 exits: *Mat x2 / *Min x2 / *Sub) -10/Subcaves (discovered 1 exit: *Mat) History --------- Turn | Location | Event 2 | -11/Scrapyard | Met Revision 17 12 | -11/Scrapyard | Discovered new exit (range 14) 53 | -11/Scrapyard | Entered Materials 264 | -10/Materials | Discovered new exit (range 16) 301 | -10/Materials | Build established: Mutant 516 | -10/Materials | Discovered new exit (range 15) 716 | -10/Materials | Discovered new exit (range 6) 742 | -10/Materials | Discovered new exit (range 9) 931 | -10/Materials | Identified exit to Subcaves 965 | -10/Materials | Identified exit to Mines 1129 | -10/Materials | Discovered new exit (range 15) 1146 | -10/Materials | Identified exit to Materials 1239 | -10/Materials | Entered Subcaves 1242 | -10/Subcaves | Learned Materials stockpile data 1278 | -10/Subcaves | Core integrity fell below 50% 1330 | -10/Subcaves | Discovered new exit (range 8) 1343 | -10/Subcaves | Identified exit to Materials 1354 | -10/Subcaves | Core integrity fell below 20% 1380 | -10/Subcaves | Learned location of Zion (-6) 1380 | -10/Subcaves | Met a Zionite searching for "candidates" 1671 | -10/Subcaves | Destroyed by V2-UU4(R) with Subdweller Laser Last Messages --------------- Aluminum Leg fries itself beyond repair. Acquired 18 matter. Particle Gun fries itself beyond repair. Ion Engine fries itself beyond repair. Aluminum Leg fries itself beyond repair. System corrupted: Heat flow error (+194). GB-OBC(z): "Hey you! It's really dangerous down here, I feel that you could die at any moment. For your health and safety might I suggest a trip to Zion?" World map updated: -6/Zion. System corrupted: Energy discharge (-70). Acquired 8 matter. System corrupted: Heat flow error (+225). BFNUYNZEDAPNKKH4T/:5IO2O|BPE8 BBY|MNSHWHEMMFNZUZRAF8>AV2AM Z&9G>AVD8MUBAUM1GRVPFXMMAER=EUK|YC0DIY1, V2-UU4(R) angrily emerges from the Twisted Machinery. Grenade Launcher destroyed. Map ----- +----------------------------------------------------+ | ?????????????????????????????????????????????????? | | ?????????????????????????????????????????????????? | | ?????????????????????????????????????????????????? | | ?????????????????????????????????????????????????? | | ?????????????????????????????????????????????????? | | ?????????????????????????????????????????????????? | | ?????????????????????????????????????????????????? | | ?????????????????????????????????????????????????? | | ?????????????????????????????????????????????????? | | ?????????????????????????????????????????????????? | | ?????????????????????????????????????????????????? | | ?????????????????????????????????????????????????? | | ?????????????????????????????????????????????????? | | ?????????????????????????????????????????????????? | | ??????????????????????????#####??????????????????? | | ???????????????????##?????$# #??????????????????? | | ??????????????????## #????& #??#####???????????? | | ?????????????????## ????< ### ????????????? | | ?????????????????# ??## $ ??????????????? | | ?????????????????# ?## R # ???????????????? | | ???????????????#?# ## ????????????????? | | ??????????? # # ??????????????????? | | ???????????? ???????????????????? | | ???????????????? ????????????????????? | | ???????????????????# #?????????????????????? | | ?????????????????????# @ #?????????????????????? | | ?????????????????????# #?????????????????????? | | ????????????????????## ##?????????????????????? | | ????????????????????# ##??????????????????????? | | ???????????????????## ##??????????????????????? | | ??????????????????## ###????????????????????? | | ??????????????????# #????????????????????? | | ??????????????????# #????????????????????? | | ??????????????????## ##????????????????????? | | ???????????????????### ##?????????????????????? | | ?????????????????????# #########??????????????? | | ????????????????????## ##?????????????? | | ????????????????????# #?????????????? | | ????????????????????## ###?????????????? | | ????????????????????## # #???????????????? | | ????????????????????# #### #???????????????? | | ????????????????????## #??? #???????????????? | | ????????????????????# ##### #????##?????????? | | ????????????????????## # ##??## ##????????? | | ?????????????????????# ### ##???????? | | ?????????????????????# # ## #???????? | | ?????????????????????### ### ##???????? | | ???????????????????????# ## ##????????? | | ???????????????????????## ##?????????? | | ????????????????????????## #??????????? | +----------------------------------------------------+ Best States ------------- Heat Dissipation 25 Energy Generation 10 Energy Capacity 250 Matter Stores 300 Matter Capacity 300 Sight Range 16 Terrain Scan Density 10 Evasion (%) 55 Item Schematics ----------------- None Robot Schematics ------------------ None Fabricated ------------ Nothing Repaired ---------- Nothing Alien Tech Used ----------------- None Achievements -------------- Error 47 Challenges ------------ None Game ------ Seed AblativeTacticalDoublenader Manual? 0 Play Time 00:20:53 Cumulative 20.2 hours Start 2025.08.03 @ 21:22:00 End 2025.08.03 @ 21:41:43 Sessions 1 Manual Loads 0 Difficulty Rogue Special Mode None Game No. 14 Rogue 14 Adventurer 0 Explorer 0 Win Type - Total 0 Types 0/0/0/0/0/0/0/0/0/0 Lore% 6 Gallery% 20 Achievement% 18 Wizard Run 0 Options --------- Layout 1 ASCII 0 Keyboard 0 Movement Mouse Keybinds 0 Fullscreen 1 Font 24/Smallcaps Map View 50x35 Zoom Use 0% Tactical HUD 0 Map Filters NONE Filters NONE Steam 1 RUN: 656b1a85-c60e-4b36-9e2f-e18ca5d4678e